TOP OF THE 1ST |
North Carolina State Wolfpack batting - Pitching for South Florida Bulls : RHP Sid Allen
|
Pitching: RHP Sid Allen
|
|
Batting: RHB Rafael Rosário
|
0-0: Called Strike 0-1: Ball 1-1: Foul Ball, location: 2F 1-2: Strikes out looking
|
Batting: RHB Richard Heath
|
0-0: Fly out, F8 (Flyball, 8LM)
|
Batting: RHB Javier Morales
|
0-0: Ball 1-0: Foul Ball, location: 2F 1-1: Ball 2-1: Ball 3-1: Base on Balls
|
Batting: LHB Danny Bane
|
0-0: Called Strike 0-1: Called Strike 0-2: Foul Ball, location: 2F 0-2: Ball Javier Morales is caught stealing 2nd base
|
Top of the 1st over - 0 run(s), 0 hit(s), 0 error(s), 0 left on base; North Carolina State 0 - South Florida 0 |
BOTTOM OF THE 1ST |
South Florida Bulls batting - Pitching for North Carolina State Wolfpack : RHP Rick Hernández
|
Pitching: RHP Rick Hernández
|
|
Batting: LHB Bob Bush
|
0-0: Ball 1-0: Ground out 5-3 (Groundball, 5S)
|
Batting: RHB Leonardo Sinisterra
|
0-0: Ground out 1-3 (Groundball, 15S)
|
Batting: RHB Millard Walker
|
0-0: Ball 1-0: Foul Ball, location: 2F 1-1: Ball 2-1: SINGLE (Line Drive, 8RS)
|
Batting: RHB Mark Parker
|
0-0: Ball 1-0: Called Strike 1-1: Ball 2-1: Foul Ball, location: 2F 2-2: SINGLE (Flyball, 8RS) Millard Walker to second
|
Batting: RHB Jon Krohne
|
0-0: Ball 1-0: Called Strike 1-1: Foul Ball, location: 2F 1-2: Strikes out looking
|
Bottom of the 1st over - 0 run(s), 2 hit(s), 0 error(s), 2 left on base; North Carolina State 0 - South Florida 0 |
TOP OF THE 2ND |
North Carolina State Wolfpack batting - Pitching for South Florida Bulls : RHP Sid Allen
|
Batting: LHB Danny Bane
|
0-0: Swinging Strike 0-1: Swinging Strike 0-2: Ball 1-2: Strikes out swinging
|
Batting: RHB Donald Hoover
|
0-0: Ball 1-0: Foul Ball, location: 2F 1-1: Ball 2-1: Foul Ball, location: 2F 2-2: Ball 3-2: Foul Ball, location: 2F 3-2: Foul Ball, location: 2F 3-2: Foul Ball, location: 2F 3-2: Base on Balls
|
Batting: LHB Frank Jackson
|
0-0: Foul Ball, location: 2F 0-1: Ball 1-1: SINGLE (Line Drive, 4MD) Donald Hoover to second
|
Batting: SHB Dawson Fowler
|
0-0: Ball 1-0: Ball 2-0: Foul Ball, location: 2F 2-1: Foul Ball, location: 2F 2-2: Strikes out swinging
|
Batting: RHB Dennis Mays
|
0-0: Foul Ball, location: 2F 0-1: Ball 1-1: Called Strike 1-2: Ball 2-2: Ground out 3-1 (Groundball, 34)
|
Top of the 2nd over - 0 run(s), 1 hit(s), 0 error(s), 2 left on base; North Carolina State 0 - South Florida 0 |
BOTTOM OF THE 2ND |
South Florida Bulls batting - Pitching for North Carolina State Wolfpack : RHP Rick Hernández
|
Batting: LHB Weston Chaney
|
0-0: Called Strike 0-1: Swinging Strike 0-2: Ball 1-2: Strikes out looking
|
Batting: SHB Michael Field
|
0-0: Called Strike 0-1: Ball 1-1: Ground out 4-3 (Groundball, 4)
|
Batting: RHB Christian Mason
|
0-0: Ball 1-0: SINGLE (Line Drive, 6D)
|
Batting: LHB Bob Jacobs
|
0-0: Foul Ball, location: 2F 0-1: Ball 1-1: Called Strike 1-2: Ball 2-2: Strikes out swinging
|
Bottom of the 2nd over - 0 run(s), 1 hit(s), 0 error(s), 1 left on base; North Carolina State 0 - South Florida 0 |
TOP OF THE 3RD |
North Carolina State Wolfpack batting - Pitching for South Florida Bulls : RHP Sid Allen
|
Batting: RHB David Vélez
|
0-0: Ball 1-0: Ball 2-0: Called Strike 2-1: Ball 3-1: Foul Ball, location: 2F 3-2: Strikes out swinging
|
Batting: RHB Rafael Rosário
|
0-0: Foul Ball, location: 2F 0-1: Swinging Strike 0-2: Foul Ball, location: 2F 0-2: Strikes out swinging
|
Batting: RHB Richard Heath
|
0-0: Swinging Strike 0-1: Ball 1-1: Ball 2-1: Swinging Strike 2-2: Strikes out swinging
|
Top of the 3rd over - 0 run(s), 0 hit(s), 0 error(s), 0 left on base; North Carolina State 0 - South Florida 0 |
BOTTOM OF THE 3RD |
South Florida Bulls batting - Pitching for North Carolina State Wolfpack : RHP Rick Hernández
|
Batting: LHB Bob Bush
|
0-0: Ball 1-0: Called Strike 1-1: Foul Ball, location: 2F 1-2: SINGLE (Groundball, 5D)
|
Batting: RHB Leonardo Sinisterra
|
0-0: Ball 1-0: DOUBLE (Flyball, 89M) Bob Bush to third Runner from 3rd tries for Home, SAFE, no throw or cutoff
|
Batting: RHB Millard Walker
|
0-0: Called Strike 0-1: Ball 1-1: Foul Ball, location: 2F 1-2: Ball 2-2: Foul Ball, location: 2F 2-2: SINGLE (Groundball, 6MD) Leonardo Sinisterra to third
|
Batting: RHB Mark Parker
|
0-0: Foul Ball, location: 2F 0-1: Called Strike 0-2: Ball 1-2: Fly out, F8 (Flyball, 78S)
|
Batting: RHB Jon Krohne
|
0-0: Ball 1-0: Called Strike 1-1: Ball 2-1: Ball 3-1: SINGLE (Line Drive, 8LS) Leonardo Sinisterra scores Millard Walker to second
|
Batting: LHB Weston Chaney
|
0-0: Called Strike 0-1: Ball 1-1: Foul Ball, location: 2F 1-2: Foul Ball, location: 2F 1-2: Foul Ball, location: 2F 1-2: 3-RUN HOME RUN (Flyball, 9LD), Distance : 332 ft
|
Batting: SHB Michael Field
|
0-0: Called Strike 0-1: SINGLE (Line Drive, 34D)
|
Batting: RHB Christian Mason
|
0-0: Ball 1-0: SINGLE (Groundball, 4MD) Michael Field to second
|
Batting: LHB Bob Jacobs
|
0-0: Foul Ball, location: 2F 0-1: Ground out U3 (Groundball, 3S) Michael Field to third Christian Mason to second
|
Batting: LHB Bob Bush
|
0-0: Ball 1-0: SINGLE (Line Drive, 9S) Michael Field scores Christian Mason to third Runner from 3rd tries for Home, SAFE, no throw or cutoff
|
Batting: RHB Leonardo Sinisterra
|
0-0: Called Strike 0-1: Ball 1-1: Ball 2-1: Ball 3-1: Foul Ball, location: 2F 3-2: Strikes out swinging
|
Bottom of the 3rd over - 7 run(s), 8 hit(s), 0 error(s), 1 left on base; North Carolina State 0 - South Florida 7 |
TOP OF THE 4TH |
North Carolina State Wolfpack batting - Pitching for South Florida Bulls : RHP Sid Allen
|
Batting: RHB Javier Morales
|
0-0: Ball 1-0: Swinging Strike 1-1: Foul Ball, location: 2F 1-2: Ball 2-2: Strikes out swinging
|
Batting: LHB Danny Bane
|
0-0: Called Strike 0-1: Ball 1-1: Ball 2-1: Foul Ball, location: 2F 2-2: Strikes out swinging
|
Batting: RHB Donald Hoover
|
0-0: Ball 1-0: Swinging Strike 1-1: Foul Ball, location: 2F 1-2: Strikes out looking
|
Top of the 4th over - 0 run(s), 0 hit(s), 0 error(s), 0 left on base; North Carolina State 0 - South Florida 7 |
BOTTOM OF THE 4TH |
South Florida Bulls batting - Pitching for North Carolina State Wolfpack : RHP Rick Hernández
|
Pitching: RHP Brit Torres
|
|
Batting: RHB Millard Walker
|
0-0: Ball 1-0: SINGLE (Groundball, 6M) (infield hit)
|
Batting: RHB Mark Parker
|
0-0: Ball 1-0: Ball 2-0: Foul Ball, location: 2F 2-1: SINGLE (Groundball, 6MD) Millard Walker to second
|
Batting: RHB Jon Krohne
|
0-0: Ball 1-0: Called Strike 1-1: Ball 2-1: Fly out, F3 (Popup, 3S)
|
Batting: LHB Weston Chaney
|
0-0: Foul Ball, location: 2F 0-1: Foul Ball, location: 2F 0-2: Grounds into double play, 4-6-3 (Groundball, 4)
|
Bottom of the 4th over - 0 run(s), 2 hit(s), 0 error(s), 1 left on base; North Carolina State 0 - South Florida 7 |
TOP OF THE 5TH |
North Carolina State Wolfpack batting - Pitching for South Florida Bulls : RHP Sid Allen
|
Batting: LHB Frank Jackson
|
0-0: Ball 1-0: Called Strike 1-1: Ball 2-1: Swinging Strike 2-2: Foul Ball, location: 2F 2-2: Foul Ball, location: 2F 2-2: Ball 3-2: Strikes out looking
|
Batting: SHB Dawson Fowler
|
0-0: Ball 1-0: Called Strike 1-1: Swinging Strike 1-2: Strikes out looking
|
Batting: RHB Dennis Mays
|
0-0: Foul Ball, location: 2F 0-1: Ball 1-1: Swinging Strike 1-2: Strikes out swinging
|
Top of the 5th over - 0 run(s), 0 hit(s), 0 error(s), 0 left on base; North Carolina State 0 - South Florida 7 |
BOTTOM OF THE 5TH |
South Florida Bulls batting - Pitching for North Carolina State Wolfpack : RHP Brit Torres
|
Batting: SHB Michael Field
|
0-0: Called Strike 0-1: Ball 1-1: Called Strike 1-2: Ball 2-2: Ball 3-2: Foul Ball, location: 2F 3-2: Strikes out looking
|
Batting: RHB Christian Mason
|
0-0: Fly out, F6 (Popup, 6D)
|
Batting: LHB Bob Jacobs
|
0-0: Ball 1-0: Ball 2-0: Ball 3-0: DOUBLE (Flyball, 9LM)
|
Batting: LHB Bob Bush
|
0-0: Ball 1-0: Fly out, F8 (Flyball, 8LM)
|
Bottom of the 5th over - 0 run(s), 1 hit(s), 0 error(s), 1 left on base; North Carolina State 0 - South Florida 7 |
TOP OF THE 6TH |
North Carolina State Wolfpack batting - Pitching for South Florida Bulls : RHP Sid Allen
|
Pitching: RHP James Waddell
|
|
Batting: RHB David Vélez
|
0-0: Ball 1-0: Ball 2-0: SOLO HOME RUN (Flyball, 7D), Distance : 350 ft
|
Batting: RHB Rafael Rosário
|
0-0: Ball 1-0: Swinging Strike 1-1: SINGLE (Groundball, 13) (infield hit)
|
Batting: RHB Richard Heath
|
0-0: Called Strike 0-1: Ball 1-1: SINGLE (Groundball, 56D) Rafael Rosário to second
|
Batting: RHB Javier Morales
|
0-0: Called Strike Rafael Rosário is caught stealing 3rd base Richard Heath to second 0-1: Swinging Strike 0-2: Foul Ball, location: 2F 0-2: Ball 1-2: Foul Ball, location: 2F 1-2: Ball 2-2: Strikes out swinging
|
Batting: LHB Danny Bane
|
0-0: Ball 1-0: SINGLE (Line Drive, 8LS) Richard Heath to third Runner from 3rd tries for Home, SAFE, no throw or cutoff
|
Batting: RHB Donald Hoover
|
0-0: Called Strike 0-1: Ball 1-1: Foul Ball, location: 2F 1-2: Foul Ball, location: 2F 1-2: Foul Ball, location: 2F 1-2: Ground out 5-3 (Groundball, 5S)
|
Top of the 6th over - 2 run(s), 4 hit(s), 0 error(s), 1 left on base; North Carolina State 2 - South Florida 7 |
BOTTOM OF THE 6TH |
South Florida Bulls batting - Pitching for North Carolina State Wolfpack : RHP Brit Torres
|
Batting: RHB Leonardo Sinisterra
|
0-0: Ball 1-0: SINGLE (Line Drive, 89M)
|
Batting: RHB Millard Walker
|
0-0: Fly out, F9 (Flyball, 89S)
|
Batting: RHB Mark Parker
|
0-0: Ball 1-0: Foul Ball, location: 2F 1-1: Fly out, F9 (Flyball, 9D)
|
Batting: RHB Jon Krohne
|
0-0: Ball 1-0: Ball 2-0: Called Strike 2-1: Swinging Strike 2-2: Strikes out swinging
|
Bottom of the 6th over - 0 run(s), 1 hit(s), 0 error(s), 1 left on base; North Carolina State 2 - South Florida 7 |
TOP OF THE 7TH |
North Carolina State Wolfpack batting - Pitching for South Florida Bulls : RHP James Waddell
|
Batting: LHB Frank Jackson
|
0-0: Called Strike 0-1: Swinging Strike 0-2: Ball 1-2: Ball 2-2: SOLO HOME RUN (Flyball, 7D), Distance : 356 ft
|
Pitching: RHP Mark Looper
|
|
Batting: SHB Dawson Fowler
|
0-0: Foul Ball, location: 2F 0-1: DOUBLE (Line Drive, 5D)
|
Batting: RHB Dennis Mays
|
0-0: Called Strike 0-1: Foul Ball, location: 2F 0-2: SINGLE (Line Drive, 8LS) Dawson Fowler to third
|
Batting: RHB David Vélez
|
0-0: Called Strike 0-1: Foul Ball, location: 2F 0-2: Reached on Error, E8 (Line Drive, 8LM) Dawson Fowler scores Dennis Mays to second
|
Batting: RHB Rafael Rosário
|
0-0: Ball 1-0: Ball 2-0: Foul Ball, location: 2F 2-1: Bunted foul 2-2: Foul Ball, location: 2F 2-2: SINGLE (Line Drive, 78S) Dennis Mays to third David Vélez to second
|
Batting: RHB Richard Heath
|
0-0: Fly out, F9 (Flyball, 89S)
|
Batting: RHB Javier Morales
|
0-0: Fly out, F9 (Flyball, 89S)
|
Batting: LHB Danny Bane
|
0-0: Ball 1-0: Ball 2-0: Foul Ball, location: 2F 2-1: Ball 3-1: GRAND SLAM HOME RUN (Flyball, 89XD), Distance : 369 ft
|
Pitching: RHP Carson Branton
|
|
Batting: RHB Donald Hoover
|
0-0: Foul Ball, location: 2F 0-1: Called Strike 0-2: Ball 1-2: Strikes out swinging
|
Top of the 7th over - 6 run(s), 5 hit(s), 1 error(s), 0 left on base; North Carolina State 8 - South Florida 7 |
BOTTOM OF THE 7TH |
South Florida Bulls batting - Pitching for North Carolina State Wolfpack : RHP Brit Torres
|
Pitching: RHP Les Madrid
|
|
Batting: LHB Weston Chaney
|
0-0: Fly out, F5 (Line Drive, 56)
|
Batting: SHB Michael Field
|
0-0: Ball 1-0: Fly out, F8 (Flyball, 8RS)
|
Batting: RHB Christian Mason
|
0-0: Foul Ball, location: 2F 0-1: Foul Ball, location: 2F 0-2: Foul Ball, location: 2F 0-2: Ball 1-2: Ball 2-2: Foul Ball, location: 2F 2-2: Fly out, F8 (Flyball, 8LM)
|
Bottom of the 7th over - 0 run(s), 0 hit(s), 0 error(s), 0 left on base; North Carolina State 8 - South Florida 7 |
TOP OF THE 8TH |
North Carolina State Wolfpack batting - Pitching for South Florida Bulls : RHP Carson Branton
|
Batting: LHB Frank Jackson
|
0-0: Called Strike 0-1: Called Strike 0-2: Ball 1-2: Foul Ball, location: 2F 1-2: Ball 2-2: Ball 3-2: Base on Balls
|
Batting: SHB Dawson Fowler
|
0-0: Sac Bunt - play at first, batter OUT! 1-4 Frank Jackson to second
|
Pinch Hitting: RHB José Espinoza
|
0-0: Intentional Walk
|
Batting: RHB David Vélez
|
0-0: Swinging Strike 0-1: Swinging Strike 0-2: Foul Ball, location: 2F 0-2: Foul Ball, location: 2F 0-2: Ball 1-2: Ball 2-2: Foul Ball, location: 2F 2-2: Foul Ball, location: 2F 2-2: Foul Ball, location: 2F 2-2: Strikes out swinging
|
Batting: RHB Rafael Rosário
|
0-0: Called Strike 0-1: Ball 1-1: Ball 2-1: Fly out, F2 (Popup, 2RF)
|
Top of the 8th over - 0 run(s), 0 hit(s), 0 error(s), 2 left on base; North Carolina State 8 - South Florida 7 |
BOTTOM OF THE 8TH |
South Florida Bulls batting - Pitching for North Carolina State Wolfpack : RHP Les Madrid
|
Pitching: RHP Boyd Puckett
|
|
Now in CF: Kyle Maloney
|
|
Batting: LHB Bob Jacobs
|
0-0: Called Strike 0-1: Ball 1-1: Ball 2-1: Called Strike 2-2: Foul Ball, location: 2F 2-2: SINGLE (Line Drive, 4D)
|
Batting: LHB Bob Bush
|
0-0: Fielders Choice at 2nd, 4-6 (Groundball, 34)
|
Batting: RHB Leonardo Sinisterra
|
0-0: Swinging Strike 0-1: Foul Ball, location: 2F 0-2: SINGLE (Groundball, 5S) Bob Bush to second
|
Batting: RHB Millard Walker
|
0-0: Swinging Strike 0-1: Ball 1-1: SINGLE (Line Drive, 7S) Bob Bush to third Leonardo Sinisterra to second Runner from 3rd tries for Home, SAFE, no throw or cutoff
|
Batting: RHB Mark Parker
|
0-0: Ball 1-0: Ball 2-0: Foul Ball, location: 2F 2-1: Ball 3-1: Called Strike 3-2: Base on Balls Leonardo Sinisterra to third Millard Walker to second
|
Batting: RHB Jon Krohne
|
0-0: Ball 1-0: Called Strike 1-1: Grounds into double play, 6-4-3 (Groundball, 56)
|
Bottom of the 8th over - 1 run(s), 3 hit(s), 0 error(s), 2 left on base; North Carolina State 8 - South Florida 8 |
TOP OF THE 9TH |
North Carolina State Wolfpack batting - Pitching for South Florida Bulls : RHP Carson Branton
|
Pitching: RHP Howard Erickson
|
|
Batting: RHB Richard Heath
|
0-0: Called Strike 0-1: Ball 1-1: Swinging Strike 1-2: Foul Ball, location: 2F 1-2: Strikes out swinging
|
Batting: RHB Javier Morales
|
0-0: Ball 1-0: Swinging Strike 1-1: Foul Ball, location: 2F 1-2: Strikes out swinging
|
Batting: LHB Danny Bane
|
0-0: Foul Ball, location: 2F 0-1: DOUBLE (Flyball, 7LM)
|
Batting: RHB Donald Hoover
|
0-0: Ball 1-0: Ball 2-0: Ball 3-0: Base on Balls
|
Batting: LHB Frank Jackson
|
0-0: Called Strike 0-1: Ball 1-1: Called Strike 1-2: Foul Ball, location: 2F 1-2: 3-RUN HOME RUN (Line Drive, 89XD), Distance : 374 ft
|
Batting: SHB Dawson Fowler
|
0-0: Swinging Strike 0-1: Foul Ball, location: 2F 0-2: Strikes out looking
|
Top of the 9th over - 3 run(s), 2 hit(s), 0 error(s), 0 left on base; North Carolina State 11 - South Florida 8 |
BOTTOM OF THE 9TH |
South Florida Bulls batting - Pitching for North Carolina State Wolfpack : RHP Boyd Puckett
|
Pitching: RHP Jack Ellison
|
|
Now at 3B: Bryan Lambert
|
|
Batting: LHB Weston Chaney
|
0-0: Ball 1-0: Ball 2-0: Ball 3-0: Base on Balls
|
Batting: SHB Michael Field
|
0-0: Foul Ball, location: 2F 0-1: Ball 1-1: Swinging Strike 1-2: Ball 2-2: Ball 3-2: Strikes out swinging
|
Batting: RHB Christian Mason
|
0-0: Fly out, F7 (Flyball, 7M)
|
Batting: LHB Bob Jacobs
|
0-0: Ground out 4-3 (Groundball, 4)
|
Bottom of the 9th over - 0 run(s), 0 hit(s), 0 error(s), 1 left on base; North Carolina State 11 - South Florida 8 |
|